 Dungeon Sprint DCSS version 0.29-a0-359-g541a27f54d (webtiles) character file.

Game seed: 13677864869831969401

7532 Zeldest the Cleaver (level 10, -19/82 (86) HPs)
             Began as a Mummy Fighter on Apr 27, 2022.
             Was an Elder of Ru.
             Demolished by an ancient champion
             ... wielding a +0 great sword
              (23 damage)
             ... in the Dungeon (Sprint V: "Ziggurat Sprint").
             The game lasted 00:06:19 (262 turns).

Zeldest the Cleaver (Mummy Fighter)                  Turns: 262, Time: 00:06:20

HP:   -19/82 (86)   AC: 25    Str: 26    XL:     10   Next: 96%
MP:   10/10         EV:  9    Int: 11    God:    Ru [****..]
Gold: 0             SH:  6    Dex: 11    Spells: 9/9 levels left

rFire   + . .      SeeInvis +   t - +14 obsidian axe {vorpal, Mesm Drain Fly SInv}
rCold   + . .      Faith    .   c - +0 buckler
rNeg    + + +      Spirit   .   e - +5 gold dragon scales
rPois   ∞          Reflect  .   B - +1 helmet {Int+3}
rElec   .          Harm     .   (no cloak)
rCorr   .          Rampage  .   (no gloves)
Will    +....      NoTele   +   y - +0 pair of boots {Fly}
Stlth   ..........              F - amulet "Toboonk" {Acrobat Str+2}
HPRegen 0.23/turn               E - ring of fire
MPRegen 0.12/turn               v - +4 ring of evasion

@: exhausted, flying, mesmerised, lightly drained, unable to read
A: cold resistance 1, negative energy resistance 3, torment resistance 2, heat
vulnerability 1, inability to read while threatened, no necromancy magic, no
poison magic, no transmutations magic, unskilled 1, in touch with death 1, no
potions
a: Renounce Religion, Draw Out Power, Power Leap


You were in the Dungeon.
You worshipped Ru.
Ru was greatly pleased with you.
You visited 1 branch

Inventory:

Hand Weapons
 f - a +5 broad axe
 t - the +14 obsidian axe (weapon) {vorpal, Mesm Drain Fly SInv}
   (You found it in the Dungeon)

   It inflicts extra damage upon your enemies.
   It occasionally summons demons to assist the wielder when it strikes in
   combat.
   Its wielder is mesmerised by any visible foes.
   It cannot be unequipped while any foes are visible.
   SInv:      It lets you see invisible.
   Fly:       It grants you flight.
   Drain:     It drains your maximum health when unequipped.
 u - the +8 lance "Wyrmbane" {slay drac, rPois rF+ rC+ AC+3}
   (You found it in the Dungeon)

   It inflicts extra damage against dragons and draconians.
   AC:        It affects your AC (+3).
   rF:        It protects you from fire.
   rC:        It protects you from cold.
   rPois:     It protects you from poison.
Armour
 c - a +0 buckler (worn)
 e - +5 gold dragon scales (worn)
 y - a +0 pair of boots of flying (worn)
 B - a +1 helmet of intelligence (worn)
Jewellery
 l - a ring of flight
 m - a +6 ring of dexterity
 n - a +6 ring of dexterity
 o - a +6 ring of intelligence
 p - a +6 ring of intelligence
 q - a +6 ring of strength
 r - a +6 ring of strength
 v - a +4 ring of evasion (right hand)
 x - a +4 ring of evasion
 A - a ring of resist corrosion
 C - an amulet of reflection
 D - a +4 ring of protection
 E - a ring of fire (left hand)
 F - the amulet "Toboonk" (around neck) {Acrobat Str+2}
   (You found it in the Dungeon)

   [amulet of the acrobat]

   It increases your evasion while moving and waiting.
   Str:       It affects your strength (+2).
 G - the amulet of Etiarph {Acrobat Dex+2}
   (You found it in the Dungeon)

   [amulet of the acrobat]

   It increases your evasion while moving and waiting.
   Dex:       It affects your dexterity (+2).
Wands
 i - a wand of mindburst (7)
 j - a wand of iceblast (6)
 k - a wand of acid (7)
Scrolls
 a - 4 scrolls of amnesia
 b - 7 scrolls of fog
 d - 4 scrolls of blinking
 g - 5 scrolls of identify
 h - 2 scrolls of fear
Miscellaneous
 s - a lightning rod (4/4)
 w - a box of beasts
 z - a condenser vane (inert)


   Skills:
 + Level 10.5 Fighting
 * Level 12.3 Axes
 + Level 8.9 Armour
 + Level 8.9 Shields
 + Level 8.5 Evocations


You had 9 spell levels left.
You didn't know any spells.
Your spell library contained the following spells:

 Spells                   Type           Power      Damage    Failure   Level
 Ensorcelled Hibernation  Hex/Ice        0%         N/A       100%        2
 Static Discharge         Conj/Air       0%         N/A       100%        2
 Conjure Flame            Conj/Fire      0%         6-21      100%        3
 Lesser Beckoning         Tloc           0%         N/A       100%        3
 Swiftness                Air            0%         N/A       100%        3
 Sticky Flame             Conj/Fire      0%         2d3       100%        4
 Lightning Bolt           Conj/Air       0%         1d11      100%        5
 Conjure Ball Lightning   Conj/Air       0%         3x3d6     100%        6
 Malign Gateway           Summ/Tloc      0%         N/A       100%        7
 Maxwell's Capacitive Co  Air            0%         ∞         100%        8
 Shatter                  Erth           0%         3d5*      100%        9
 Passwall                 Tmut/Erth      Unusable   N/A       N/A         2
 Sublimation of Blood     Necr           Unusable   N/A       N/A         2
 Ignite Poison            Fire/Tmut/Pois Unusable   N/A       N/A         3
 Borgnjor's Revivificati  Necr           Unusable   N/A       N/A         8

Dungeon Overview and Level Annotations

Branches:
Dungeon (1/1)

Altars:
Ashenzari
Cheibriados
Dithmenos
Elyvilon
Fedhas
Gozag
Hepliaklqana
Kikubaaqudgha
Makhleb
Nemelex Xobeh
Okawaru
Qazlal
Ru
Sif Muna
Trog
Uskayaw
Vehumet
Wu Jian
Xom
Yredelemnul
Zin
The Shining One
Beogh
Jiyva
Lugonu

Annotations:
D 1 transporter


Innate Abilities, Weirdness & Mutations

You are immune to poison.
Your flesh is cold resistant. (rC+)
You are immune to negative energy. (rN+++)
You are immune to unholy pain and torment.
You are vulnerable to heat. (rF-)
You sometimes lose the ability to read scrolls when taking damage.
You cannot study or cast Necromancy magic.
You cannot study or cast Poison magic.
You cannot study or cast Transmutations magic.
You are somewhat unskilled. (-1 Apt)
You are in touch with the powers of death.
You do not drink.


Message History

The hellion is engulfed in freezing vapours.
The iron dragon breathes metal splinters at you.
The spray of metal splinters hits your soul eater but does no damage.
The spray of metal splinters hits you!!
The war gargoyle completely misses your soul eater.
The caustic shrike is engulfed in freezing vapours.
The caustic shrike closely misses your soul eater.
The ancient champion hits you with a +0 great sword!
* * * LOW HITPOINT WARNING * * *
The ancient champion mumbles some strange words.
The ancient champion seems to speed up.
The war gargoyle hits you with a +0 lajatang!!
* * * LOW HITPOINT WARNING * * *
The tormentor is engulfed in freezing vapours.
The tormentor completely misses your soul eater.
The tormentor hits your soul eater but does no damage.
Your soul eater hits the war gargoyle!!
Your soul eater misses the caustic shrike.
You can't drink.
Okay, then.
You cannot read scrolls in your current state!
You can't drink.
You hit the ancient champion but do no damage.
You open a gate to Pandemonium!
A demon appears!
The ancient champion is lightly damaged.
You hit the war gargoyle but do no damage.
Visions of slaying the war gargoyle flood into your mind.
The caustic shrike is engulfed in freezing vapours.
The caustic shrike claws your soul eater.
Your soul eater is splashed with acid.
The acid corrodes your soul eater!
The war gargoyle is engulfed in freezing vapours.
The war gargoyle closely misses your soul eater.
Your soul eater is engulfed in freezing vapours.
Your soul eater hits the iron dragon.
Your soul eater drains the iron dragon.
The ancient champion is engulfed in freezing vapours.
The iron dragon is engulfed in freezing vapours.
The iron dragon begins to attack, but is stunned by your conviction!
The caustic shrike is engulfed in freezing vapours.
The ancient champion hits you with a +0 great sword!!
You die...

▓▓▓▓▓▓▓▓▓▓▓▓▓
▓...8©8...▓...8©8...▓..
▓..[.:)=[.▓..)[.))..▓..
▓..§§§§§§.▓..|[.[)..▓..
▓.§§§§z§§.▓.........▓..
▓.§§§2z2§§▓.........▓..
▓.§§L§9zD§▓.........▓..
▓...3bz3.§▓.........▓..
▓..▓39@▓..▓.........▓..
▓.▓.....▓.▓.........▓..
▓....©.3..▓....©....▓▓▓
▓▓▓▓▓▓▓▓▓▓▓▓▓▓▓▓▓▓▓▓▓


You could see an iron dragon (drained, ally target), an ancient lich, a caustic
shrike, 4 ancient champions, 2 war gargoyles, a hellion (ally target), a
tormentor, 3 friendly soul eaters and a friendly neqoxec (summoned).

Vanquished Creatures
  A tentacled starspawn (D)
  2 shining eyes (D)
  A cane toad (D)
  3 slime creatures (D)
  A flying skull (D)
  A golden eye (D)
  A water moccasin (D)
  A wolf (D)
  4 scorpions (D)
  A quasit (D)
  6 jellies (D)
  An iron imp (D)
  An iguana (D)
  2 mummies (D)
  2 river rats (D)
  A shadow imp (D)
  An adder zombie (D)
  A bat zombie (D)
  An endoplasm (D)
  2 ball python skeletons (D)
  A starspawn tentacle (D)
35 creatures vanquished.

Vanquished Creatures (collateral kills)
  A rockslime (D)
  A great orb of eyes (D)
  A glowing orange brain (D)
  A wolf spider (D)
  A guardian mummy (D)
  3 slime creatures (D)
  A golden eye (D)
  A water moccasin (D)
  A hell hound (D)
  A floating eye (D)
  2 scorpions (D)
  A crimson imp (D)
  2 jellies (D)
  An iguana (D)
  4 mummies (D)
  2 shadow imps (D)
  An ufetubus (D)
  An adder skeleton (D)
  An endoplasm (D)
  A jackal (D)
  A ball python skeleton (D)
  A quokka skeleton (D)
30 creatures vanquished.

Vanquished Creatures (others)
  A starspawn tentacle (D)
1 creature vanquished.

Grand Total: 66 creatures vanquished

Notes
Turn   | Place    | Note
-------+----------+-------------------------------------------
     0 | D        | Zeldest the Mummy Fighter began the quest for the Orb.
     0 | D        | Reached XP level 1. HP: 18/18 MP: 1/1
     0 | D        | Found a blossoming altar of Fedhas.
     0 | D        | Found the +6 Majin-Bo {vamp, MP+6 Int+6}
     0 | D        | Found the +9 heavy crossbow "Sniper" {vorpal, Acc+∞ SInv}
     0 | D        | Found the +10 dark maul {vorpal}
     0 | D        | Found the +15 Maxwell's patent armour {-Cast -Tele rElec
                  | Will+ rCorr}
     0 | D        | Found the +18 shield of the Gong {rElec rN+ Will+ EV-5}
     0 | D        | Found the +14 obsidian axe {vorpal, Mesm Drain Fly SInv}
     0 | D        | Found the +7 great mace "Firestarter" {inner flame, rF++}
     0 | D        | Found the +6 shillelagh "Devastator" {shatter}
     0 | D        | Found the +11 plutonium sword {Contam Stlth-}
     0 | D        | Found the +8 lance "Wyrmbane" {slay drac, rPois rF+ rC+
                  | AC+3}
     0 | D        | Found the +9 sword of Zonguldrok {reap}
     0 | D        | Found the +13 scythe of Curses {drain, Drain}
     0 | D        | Found the +5 sword of Power {vorpal}
     0 | D        | Found the +7 mace of Variability {chain chaos}
     0 | D        | Found the +7 Singing Sword {vorpal, sonic wave}
     0 | D        | Found the +8 storm bow {elec, penet}
    14 | D        | Found a viscous altar of Jiyva.
    14 | D        | Found a hazy altar of Hepliaklqana.
    14 | D        | Found a transporter.
    14 | D        | Found an opulent altar of Gozag.
    14 | D        | Found an ancient bone altar of Kikubaaqudgha.
    14 | D        | Found a corrupted altar of Lugonu.
    20 | D        | Found a burning altar of Makhleb.
    21 | D        | Found a sacrificial altar of Ru.
    21 | D        | Found a shimmering blue altar of Sif Muna.
    21 | D        | Found a stormy altar of Qazlal.
    21 | D        | Found a bloodstained altar of Trog.
    21 | D        | Found an iron altar of Okawaru.
    21 | D        | Found a sparkling altar of Nemelex Xobeh.
    51 | D        | Became a worshipper of Ru the Awakened
    59 | D        | Entered arena 2.
    59 | D        | Noticed a jelly
    59 | D        | Noticed a golden eye
    59 | D        | Found a transporter.
    61 | D        | Killed a jelly
    62 | D        | Reached skill level 3 in Axes
    62 | D        | Reached skill level 1 in Evocations
    62 | D        | Reached XP level 2. HP: 25/25 MP: 2/2
    62 | D        | Gained mutation: You are in touch with the powers of death.
                  | [Mummy growth]
    62 | D        | Reached XP level 3. HP: 30/30 MP: 3/3
    62 | D        | Killed a golden eye
    63 | D        | Reached skill level 5 in Fighting
    63 | D        | Reached skill level 5 in Axes
    63 | D        | Reached XP level 4. HP: 39/39 MP: 4/4
    63 | D        | Reached XP level 5. HP: 44/44 MP: 5/5
    74 | D        | Entered arena 3.
    74 | D        | Found a transporter.
    84 | D        | Entered arena 4.
    84 | D        | Noticed a hell hound
    84 | D        | Found a transporter.
    89 | D        | Reached skill level 6 in Axes
    91 | D        | Killed a hell hound
    92 | D        | Reached skill level 5 in Armour
    92 | D        | Reached skill level 5 in Shields
    92 | D        | Reached XP level 6. HP: 38/52 MP: 6/6
    94 | D        | Gained mutation: You cannot study or cast Poison magic. [Ru
                  | sacrifice]
    94 | D        | Gained mutation: You cannot study or cast Transmutations
                  | magic. [Ru sacrifice]
    94 | D        | Gained mutation: You cannot study or cast Necromancy magic.
                  | [Ru sacrifice]
    94 | D        | Reached * piety under Ru
   100 | D        | Entered arena 5.
   100 | D        | Found a transporter.
   102 | D        | Reached skill level 7 in Axes
   114 | D        | Entered arena 6.
   114 | D        | Noticed a tentacled starspawn
   114 | D        | Found a transporter.
   120 | D        | Killed a tentacled starspawn
   121 | D        | Reached skill level 9 in Axes
   121 | D        | Reached XP level 7. HP: 31/62 MP: 7/7
   121 | D        | Reached XP level 8. HP: 34/68 MP: 8/8
   131 | D        | Entered arena 7.
   133 | D        | Found a transporter.
   138 | D        | Reached skill level 10 in Axes
   153 | D        | Entered arena 8.
   153 | D        | Noticed a slime creature
   153 | D        | Noticed a shining eye
   153 | D        | Noticed a slime creature
   153 | D        | Noticed a shining eye
   154 | D        | Found a transporter.
   157 | D        | Killed a slime creature
   157 | D        | Killed a slime creature
   158 | D        | Reached XP level 9. HP: 33/75 MP: 9/9
   159 | D        | Killed a shining eye
   161 | D        | Killed a shining eye
   162 | D        | Reached skill level 11 in Axes
   176 | D        | Entered arena 9.
   176 | D        | Noticed a wolf spider
   177 | D        | Found a transporter.
   180 | D        | Killed a wolf spider
   181 | D        | Reached skill level 10 in Fighting
   181 | D        | Gained mutation: You sometimes lose the ability to read
                  | scrolls when taking damage. [Ru sacrifice]
   181 | D        | Reached ** piety under Ru
   181 | D        | Reached *** piety under Ru
   193 | D        | Entered arena 10.
   193 | D        | Noticed a guardian mummy
   194 | D        | Found a transporter.
   200 | D        | Killed a guardian mummy
   201 | D        | Reached XP level 10. HP: 71/85 MP: 10/10
   207 | D        | Got the amulet "Toboonk" {Acrobat Str+2}
   219 | D        | Entered arena 11.
   219 | D        | Noticed a cane toad
   220 | D        | Found a transporter.
   224 | D        | Reached skill level 12 in Axes
   224 | D        | Killed a cane toad
   231 | D        | Got the Incunabulum of Aerial Orientation
   234 | D        | Entered arena 12.
   234 | D        | Noticed a rockslime
   234 | D        | Noticed a glowing orange brain
   234 | D        | Noticed a great orb of eyes
   236 | D        | Found a transporter.
   238 | D        | Killed a rockslime
   239 | D        | Killed a glowing orange brain
   241 | D        | Noticed a smoke demon
   242 | D        | Reached skill level 13 in Axes
   242 | D        | Killed a great orb of eyes
   248 | D        | Got the amulet of Etiarph {Acrobat Dex+2}
   250 | D        | Got the Incunabulum of Earthen Sinister Rites
   254 | D        | Gained mutation: You are somewhat unskilled. (-1 Apt) [Ru
                  | sacrifice]
   254 | D        | Reduced skill Fighting to level 10
   254 | D        | Reduced skill Axes to level 12
   254 | D        | Reached **** piety under Ru
   257 | D        | Entered arena 13.
   257 | D        | Noticed an ancient lich
   257 | D        | Noticed a caustic shrike
   257 | D        | Noticed a war gargoyle
   257 | D        | Noticed an iron dragon
   257 | D        | Noticed an ancient champion
   257 | D        | Noticed an ancient champion
   258 | D        | Noticed an ancient champion
   258 | D        | Noticed a war gargoyle
   258 | D        | Noticed an ancient champion
   259 | D        | Found a transporter.
   261 | D        | HP: 4/82 [war gargoyle/+0 lajatang (20)]
   262 | D        | Demolished by an ancient champion

Illustrated notes

Levels and vault maps discovered:
D:        sprint_v [room_start, room_1, room_2, room_3, room_4, room_5, room_6,
          room_7, room_8, room_9, room_10, room_11, room_12, room_13, room_14,
          room_15, room_16, room_17, room_18, room_19, room_20, room_21,
          room_22, room_23, room_24, room_25, room_26, room_27]

Skill      XL: |  1  2  3  4  5  6  7  8  9 10 |
---------------+-------------------------------+-----
Axes           | 3 5 6 9 10 11 12 | 12.3
Armour         | 3 4 5 7 8 8 |  8.9
Shields        | 3 4 5 7 8 8 |  8.9
Evocations     | 1 3 4 6 8 8 |  8.5
Fighting       | 5 6 8 10 10 | 10.5

Action                   |  1- 3 |  4- 6 |  7- 9 | 10-12 || total
-------------------------+-------+-------+-------+-------++-------
Melee: Broad axe         |     2 |    15 |    16 |    11 ||    44
Invok: Sacrifice Arcana  |       |     1 |       |       ||     1
       Draw Out Power    |       |       |     1 |     2 ||     3
       Sacrifice Words   |       |       |     1 |       ||     1
       Sacrifice Skill   |       |       |       |     1 ||     1
Evoke: Wand              |       |       |     1 |       ||     1
       Condenser vane    |       |       |       |     1 ||     1
Armor: Gold dragon scale |       |    18 |     4 |    13 ||    35
Dodge: Dodged            |       |     6 |     4 |     6 ||    16
Block: Buckler           |       |     8 |     3 |     1 ||    12

Table legend: (Time is in decaauts)
 A = Elapsed time spent in this place.
 B = Non-inter-level travel time spent in this place.
 C = Inter-level travel time spent in this place.
 D = Time resting spent in this place.
 E = Time spent auto-exploring this place.
 F = Levels seen in this place.
 G = Mean time per level.
                   A        B        C        D        E       F      G
               +--------+--------+--------+--------+--------+-----+--------+
         Total |    265 |    265 |      0 |      0 |      0 |   1 |  265.0 |
       Dungeon |    265 |    265 |      0 |      0 |      0 |   1 |  265.0 |
               +--------+--------+--------+--------+--------+-----+--------+

Top non-repeatable levels by time:
       D: 265 daAuts
